 Dungeon Crawl Stone Soup version 0.28.0 (webtiles) character file.

Game seed: 3398189848821273567

998 Dani the Grappler (level 8, -3/66 HPs)
             Began as a Ghoul Delver on Feb 6, 2022.
             Was a Believer of Okawaru.
             Shot with an arrow by a centaur (13 damage)
             ... on level 7 of the Dungeon.
             The game lasted 00:12:01 (5724 turns).

Dani the Grappler (Ghoul Delver)                    Turns: 5724, Time: 00:12:02

Health: -3/66      AC: 11    Str: 18    XL:     8   Next: 19%
Magic:  7/7        EV:  5    Int:  5    God:    Okawaru [**....]
Gold:   348        SH:  3    Dex: 10    Spells: 7/7 levels left

rFire   . . .      SeeInvis .     - Unarmed
rCold   + + .      Faith    .   q - +0 buckler
rNeg    + + +      Spirit   .   f - +0 plate armour
rPois   ∞          Reflect  .   (no helmet)
rElec   .          Harm     .   (no cloak)
rCorr   .          Rampage  .   (no gloves)
Will    .....                   m - +0 pair of boots
Stlth   ..........              (no amulet)
HPRegen 0.00/turn               c - ring of protection from cold
MPRegen 0.10/turn               (no ring)

@: inhibited regen
A: claws 1, cold resistance 1, negative energy resistance 3, inhibited
regeneration, torment resistance 2
a: Renounce Religion, Heroism


You were on level 7 of the Dungeon.
You worshipped Okawaru.
Okawaru was pleased with you.
You visited 2 branches of the dungeon, and saw 8 of its levels.

You collected 348 gold pieces.

Inventory:

Hand Weapons
 i - a +0 war axe
   (You took it off an orc on level 4 of the Dungeon)
Missiles
 r - 5 atropa-tipped darts (quivered)
Armour
 a - a +0 leather armour
 f - a +0 plate armour (worn)
   (You found it on level 5 of the Dungeon)
 j - a +0 ring mail
   (You took it off an orc on level 4 of the Dungeon)
 m - a +0 pair of boots (worn)
   (You found it on level 1 of the Dungeon)
 q - a +0 buckler (worn)
   (You found it on level 3 of the Dungeon)
Jewellery
 c - a ring of protection from cold (left claw)
   (You found it on level 3 of the Dungeon)
Wands
 p - a wand of polymorph (5)
   (You took it off a goblin on level 3 of the Dungeon)
 A - a wand of acid (5)
   (You found it on level 3 of the Dungeon)
 D - a wand of digging (3)
 I - a wand of iceblast (5)
   (You took it off an orc on level 5 of the Dungeon)
Scrolls
 b - a scroll of fog
 d - 2 scrolls of fear
 M - a scroll of magic mapping
 R - 4 scrolls of identify {@r1}
 T - a scroll of teleportation
Potions
 e - 2 potions of degeneration {unknown}
 g - a potion of brilliance
 h - 3 potions of curing {unknown}
 k - 3 potions of berserk rage {unknown}
 l - 2 potions of mutation {!q}
 n - 3 potions of heal wounds
 o - 2 potions of might {unknown}
 s - a potion of resistance {unknown}
 u - a potion of cancellation {unknown}
 H - 2 potions of haste


   Skills:
 + Level 4.2 Fighting
 + Level 1.8 Armour
 + Level 2.7 Dodging
 - Level 5.4 Stealth
 + Level 1.8 Shields
 + Level 8.4 Unarmed Combat
 + Level 1.9 Evocations


You had 7 spell levels left.
You didn't know any spells.
Your spell library contained the following spells:

 Spells                   Type           Power      Damage    Failure   Level
 Ozocubu's Armour         Ice            0%         N/A       100%        3
 Ozocubu's Refrigeration  Ice            0%         4d5       100%        7


Dungeon Overview and Level Annotations

Branches:
Dungeon (7/15)             Temple (1/1) D:5

Altars:
Ashenzari
Cheibriados
Dithmenos
Elyvilon
Fedhas
Gozag
Hepliaklqana
Kikubaaqudgha
Makhleb
Nemelex Xobeh
Okawaru
Qazlal
Sif Muna
Trog
Uskayaw
Wu Jian
Xom
Zin
The Shining One

Shops:
D:6 =

Annotations:
D:4 1 runed translucent door, Host24's ghost, amateur KoHu


Innate Abilities, Weirdness & Mutations

You thrive by killing the living.
You are immune to poison.
You have sharp fingernails.
Your flesh is cold resistant. (rC+)
You are immune to negative energy. (rN+++)
You do not regenerate when monsters are visible.
You are immune to unholy pain and torment.


Message History

You see here 22 stones.
You see here a +0 plate armour.
Partly explored, can't reach some places.
There is a stone staircase leading down here.
You climb downwards.
Found 9 gold pieces and a scroll labelled YWO FAQUGAYCZI.
Found a stone staircase leading down.
There is a stone staircase leading up here.
An orc and an orc wizard come into view.
The orc wizard shouts!
You hear a shout!
A two-headed ogre comes into view.
It is wielding a +0 giant club and a +0 dire flail.
The orc wizard gestures wildly while chanting.
The orc wizard flickers and vanishes!
Deactivating autopickup; reactivate with Ctrl-A.
The two-headed ogre shouts in stereo!
Unknown command.
There is a stone staircase leading up here.
A puff of flame appears from out of thin air!
The puff of flame hits you! Something hits you but does no damage.
You climb upwards.
Reactivating autopickup.
There is a stone staircase leading down here.
You hear some strange, mumbled words.
Deactivating autopickup; reactivate with Ctrl-A.
You are confused.
Something hits you but does no damage.
There is a stone staircase leading down here.
You're too confused to move!
You hear some strange, mumbled words.
A puff of flame appears from out of thin air!
The puff of flame hits you. Something hits you but does no damage.
You feel less confused. Something hits you but does no damage.
Something hits you but does no damage. Something hits you but does no damage.
You scratch something. Something hits you but does no damage.
You miss something. Something hits you.
You miss something. Something hits you but does no damage.
You claw something! Something hits you.
You miss something. You claw something! Okawaru accepts your kill.
You feel better.
Reactivating autopickup.
You feel a bit more experienced.
Things that are here:
a +0 dagger; a +0 robe
There is an escape hatch in the floor here.
There is a stone staircase leading down here.
You climb downwards.
The orc shouts!
Found 30 arrows, a leather armour, 11 stones and a scroll labelled GYEWKAINUT.
Found a stone staircase leading down.
There is a stone staircase leading up here.
The orc hits you but does no damage.
You closely miss the orc. You closely miss the orc.
The orc hits you but does no damage.
You claw the orc!
You kill the orc!
Okawaru accepts your kill.
You feel better.
No target in view!
No target in view!
No target in view!
The two-headed ogre shouts in stereo!
A two-headed ogre is nearby!
A two-headed ogre is nearby!
There is a stone staircase leading up here.
Aiming: Mindburst
Press: ? - help, Shift-Dir - straight line, f - two-headed ogre
Aim: a two-headed ogre, wielding a +0 giant club and a +0 dire flail (chance to affect: 55%)
The two-headed ogre's minds are blasted!!
Aiming: Mindburst
Press: ? - help, Shift-Dir - straight line, f/p - two-headed ogre
Aim: a two-headed ogre, wielding a +0 giant club and a +0 dire flail (moderately wounded, chance to affect: 55%)
The two-headed ogre resists with significant effort.
Aiming: Mindburst
Press: ? - help, Shift-Dir - straight line, f/p - two-headed ogre
Aim: a two-headed ogre, wielding a +0 giant club and a +0 dire flail (moderately wounded, chance to affect: 55%)
The two-headed ogre's minds are blasted!
The now-empty wand crumbles to dust.
You claw the two-headed ogre!
The two-headed ogre is severely wounded.
The two-headed ogre hits you with a +0 giant club!
The two-headed ogre hits you with a +0 dire flail.
You scratch the two-headed ogre but do no damage.
The two-headed ogre is severely wounded.
You claw the two-headed ogre!
The two-headed ogre is almost dead.
A centaur comes into view.
The two-headed ogre hits you with a +0 giant club!!
* * * LOW HITPOINT WARNING * * *
The two-headed ogre hits you with a +0 dire flail!
* * * LOW HITPOINT WARNING * * *
The centaur shouts!
The centaur wields a +0 shortbow.
The centaur shoots an arrow.
The arrow hits you!
You die...

........8...
........≈≈≈..
.........≈≈≈..
.......?.≈≈≈..
#####.........≈≈≈..
#####....[..... .o.....
##.............. #O....#
............(## ##{....#
.......@Oo....###.<.....
......................##
........................
................#####.##
..............#. .#
(............## .
##>..........?c ..
#.#.......####. .
..#.......#


You could see a two-headed ogre, a centaur and an orc.

Vanquished Creatures
  An ice beast (D:6)
  A sky beast (D:3)
  2 scorpions (D:6)
  A water moccasin zombie (D:6)
  A water moccasin skeleton (D:6)
  2 centaur zombies (D:6)
  3 hounds
  2 jellies
  3 orc priests (D:5)
  A bullfrog skeleton (D:4)
  2 iguanas
  2 orc wizards
  A hound zombie (D:5)
  A hound skeleton (D:5)
  2 howler monkey skeletons
  2 adders
  24 orcs
  3 ball pythons
  4 bats
  3 endoplasms (D:3)
  3 giant cockroaches (D:1)
  8 goblins
  7 hobgoblins
  3 jackals (D:1)
  3 quokkas
  4 frilled lizards
  7 kobolds
  3 rats
99 creatures vanquished.

Notes
Turn   | Place    | Note
-------+----------+-------------------------------------------
     0 | D:5      | Dani the Ghoul Delver began the quest for the Orb.
     0 | D:5      | Reached XP level 1. HP: 19/19 MP: 0/0
    14 | D:5      | Found a staircase to the Ecumenical Temple.
    23 | Temple   | Entered the Ecumenical Temple
   148 | Temple   | Became a worshipper of Warmaster Okawaru
   254 | D:5      | Noticed an ogre
   269 | D:4      | Found a runed translucent door.
   272 | D:4      | Noticed a sky beast
   272 | D:4      | Noticed Host24's ghost (amateur KoHu)
   675 | D:2      | Reached XP level 2. HP: 26/26 MP: 1/1
   783 | D:1      | Reached skill level 3 in Unarmed Combat
  1181 | D:1      | Reached XP level 3. HP: 29/31 MP: 2/2
  1371 | D:1      | Found a faded altar of an unknown god.
  1428 | D:1      | Reached skill level 4 in Unarmed Combat
  2390 | D:2      | Reached XP level 4. HP: 26/38 MP: 3/3
  2573 | D:3      | Reached skill level 5 in Unarmed Combat
  2619 | D:3      | Noticed a sky beast
  2629 | D:3      | Killed a sky beast
  2630 | D:3      | Reached skill level 6 in Unarmed Combat
  2630 | D:3      | Reached XP level 5. HP: 37/45 MP: 4/4
  3490 | D:4      | Found a broken altar of Ashenzari.
  3493 | D:4      | Reached XP level 6. HP: 51/51 MP: 5/5
  3654 | D:4      | Reached * piety under Okawaru
  3655 | D:4      | Reached skill level 7 in Unarmed Combat
  4568 | D:5      | Reached skill level 8 in Unarmed Combat
  4575 | D:5      | Reached XP level 7. HP: 57/57 MP: 6/6
  4984 | D:6      | Reached skill level 2 in Dodging
  5015 | D:6      | Reached skill level 1 in Armour
  5015 | D:6      | Reached skill level 1 in Evocations
  5100 | D:6      | Reached ** piety under Okawaru
  5101 | D:6      | Reached skill level 1 in Shields
  5322 | D:6      | Reached skill level 4 in Fighting
  5322 | D:6      | Reached XP level 8. HP: 62/66 MP: 7/7
  5376 | D:6      | Found Uttef's Jewellery Shoppe.
  5637 | D:7      | Noticed a two-headed ogre
  5723 | D:7      | HP: 10/66 [two-headed ogre (15)]
  5724 | D:7      | Shot with an arrow by a centaur

Illustrated notes

Levels and vault maps discovered:
D:1:      co_arrival_square_in_a_square_in_a_square, layout_basic,
          ebering_ecumenical_altar_webs
D:2:      layout_loops_corners
D:3:      layout_rooms
D:4:      layout_rooms, evilmike_ruin_ashenzari, ebering_ghost_inner_flame,
          feat_on_display
D:5:      layout_loops_ring, minmay_temple_entry_arrows, kennysheep_nondescript
D:6:      layout_rooms, serial_shops, nicolae_shop_hallway_plus,
          lemuel_flamethrower_2
D:7:      layout_rooms, minmay_misc_feat_plants, serial_park_tiny_pond,
          uniq_joseph
Temple:   regret_index_temple_mists

Skill      XL: |  1  2  3  4  5  6  7 |
---------------+----------------------+-----
Unarmed Combat | 3 4 6 8 |  8.4
Dodging        | 2 |  2.7
Armour         | 1 |  1.8
Evocations     | 1 |  1.9
Shields        | 1 |  1.8
Fighting       | 4 |  4.2
Stealth        | |  5.4

Action                   |  1- 3 |  4- 6 |  7- 9 || total
-------------------------+-------+-------+-------++-------
Melee: Unarmed           |   109 |   163 |   102 ||   374
       Punch             |     2 |     1 |       ||     3
Evoke: Wand              |       |       |     3 ||     3
  Use: Scroll            |     4 |     3 |     1 ||     8
 Stab: Sleeping          |     1 |       |       ||     1
Armor: Ring mail         |    33 |       |       ||    33
       Plate armour      |    24 |    96 |    69 ||   189
Dodge: Dodged            |    47 |    18 |    17 ||    82
Block: Buckler           |       |     7 |    16 ||    23

Table legend: (Time is in decaauts)
 A = Elapsed time spent in this place.
 B = Non-inter-level travel time spent in this place.
 C = Inter-level travel time spent in this place.
 D = Time resting spent in this place.
 E = Time spent auto-exploring this place.
 F = Levels seen in this place.
 G = Mean time per level.
                   A        B        C        D        E       F      G
               +--------+--------+--------+--------+--------+-----+--------+
         Total |   5741 |   5407 |    334 |    522 |   3720 |   8 |  717.6 |
       Dungeon |   5559 |   5247 |    312 |    522 |   3594 |   7 |  794.1 |
        Temple |    182 |    160 |     22 |      0 |    126 |   1 |  182.0 |
               +--------+--------+--------+--------+--------+-----+--------+

Top non-repeatable levels by time:
     D:4: 1178 daAuts
     D:2: 1035 daAuts
     D:5: 902 daAuts
     D:3: 855 daAuts
     D:1: 816 daAuts
     D:6: 744 daAuts
  Temple: 182 daAuts
     D:7: 26 daAuts

Table legend:
 A = Kills in this place as a percentage of kills in entire the game.
 B = Kills by you in this place as a percentage of kills by you in the entire game.
 C = Kills by friends in this place as a percentage of kills by friends in the entire game.
 D = Other kills in this place as a percentage of other kills in the entire game.
 E = Experience gained in this place as a percentage of experience gained in the entire game.
 F = Experience gained in this place divided by the number of levels of this place that you have seen.
                   A       B       C       D       E      F
               +-------+-------+-------+-------+-------+----------------------
         Total | 100.0 | 100.0 |   N/A |   N/A | 100.0 | 178.2
       Dungeon | 100.0 | 100.0 |   N/A |   N/A | 100.0 | 203.7
               +-------+-------+-------+-------+-------+----------------------
